 Dungeon Crawl Stone Soup version 0.26-a0-1139-g7d2dc893a1 (webtiles) character file.

Game seed: 9499878560530721494

748 Dracia the Chopper (level 7, -10/57 HPs)
             Began as a Demonspawn Fighter on Dec 21, 2020.
             Splashed by Ijyb's acid (11 damage)
             ... on level 4 of the Dungeon.
             The game lasted 00:05:53 (5165 turns).

Dracia the Chopper (Demonspawn Fighter)             Turns: 5165, Time: 00:05:54

Health: -10/57     AC:  0    Str: 16    XL:     7   Next: 48%
Magic:  0/7        EV:  7    Int: 10    God:
Gold:   238        SH: 10    Dex: 12    Spells: 6/6 levels left

rFire    . . .     SeeInvis .   a - +1 war axe
rCold    + . .     Faith    .   c - +1 kite shield
rNeg     . . .     Spirit   +   b - +0 scale mail
rPois    .         Reflect  .   (no helmet)
rElec    .         Harm     .   (no cloak)
rCorr    .         Rampage  .   q - +0 pair of gloves
Will     +....                  (no boots)
Stlth    ..........             G - amulet of guardian spirit
HPRegen  0.19/turn              m - ring of willpower
MPRegen  0.10/turn              C - ring of protection from cold

@: corroded
A: hooves 1, molten scales 1, blink, clumsy 1, deformed body, powered by death
1, robust 1
a: Blink


You were on level 4 of the Dungeon.
You visited 1 branch of the dungeon, and saw 4 of its levels.

You collected 238 gold pieces.


Innate Abilities, Weirdness & Mutations

You have large cloven feet.
You are partially covered in molten scales. (AC +2)
You regenerate a little health from kills.
You can translocate small distances at will.
You are clumsy. (Dex -2)
Armour fits poorly on your strangely shaped body.
You are robust. (+10% HP)


   Skills:
 - Level 3.0 Fighting
 * Level 6.2 Axes
 - Level 4.2 Armour
 - Level 4.2 Shields


You had 6 spell levels left.
You didn't know any spells.
Your spell library was empty.

Inventory:

Hand Weapons
 a - a +1 war axe (weapon)
Missiles
 k - 21 poisoned darts (quivered)
 o - 6 atropa-tipped darts
Armour
 b - a +0 scale mail (worn)
 c - a +1 kite shield (worn)
 p - a +0 helmet
 q - a +0 pair of gloves (worn)
Jewellery
 m - a ring of willpower (left hand)
 C - a ring of protection from cold (right hand)
 G - an amulet of guardian spirit (around neck)
 R - an uncursed ring of resist corrosion
Scrolls
 f - 4 scrolls of remove curse {@r2@r2}
 g - 3 scrolls of teleportation {unknown}
 h - 5 scrolls of identify {@r1@r1}
 j - a scroll of enchant armour
 r - a scroll of enchant weapon
Potions
 d - a potion of might
 e - 2 potions of curing {@q1@q1}
 i - 2 potions of attraction {unknown}
 l - 3 potions of haste {unknown}
 n - a potion of flight {unknown}
 s - a potion of ambrosia {unknown}

Dungeon Overview and Level Annotations

Branches:
Dungeon (4/15)
 Temple: D:4-7

Altars:
Fedhas

Annotations:
D:2 1 runed translucent door, Crazy Yiuf
D:4 Ijyb

#.# #.# #.## #.# #.# #.#
#.# #.# #.# P. ###### #.
#.####.# P... #....#
#......# PP..###....#
########## PP.........#
..........
.........g.##### ###<..
##.......@.....# #.....
......!....###.# #..##.
#.........# #.....
#.........###+### #.)###
#.....#.........# #.....
#.....#.........#####.###
#.[...#.........'.....#..
#...).#.........####..#.#
#.#+###.........# #..#.#


You could see Ijyb.


Message History

Key pressed, stopping explore.
g - 2 scrolls labelled VOMODD YWOIF (gained 1)
You open the door.
Found 9 gold pieces.
Search for what [Enter for "armor", or ? for help]? mu
Found 12 gold pieces and a scroll labelled VOMODD YWOIF.
There is an open door here.
Found a murky green potion.
You now have 226 gold pieces (gained 9).
You now have 238 gold pieces (gained 12).
g - 3 scrolls labelled VOMODD YWOIF (gained 1)
Found a pink potion.
s - a murky green potion Ijyb the Twisted Goblin comes into view.
She is wielding a +0 dagger of draining and carrying a wand of acid (5).
Found a ring mail and a dagger.
Ijyb zaps a wand.
The bolt of acid misses you.
You hit Ijyb but do no damage. Ijyb closely misses you.
Ijyb zaps a wand.
The bolt of acid hits you! The acid corrodes you!
You are splashed with acid!
You closely miss Ijyb. You kick Ijyb, but do no damage.
Ijyb zaps a wand.
The bolt of acid hits you!!
* * * LOW HITPOINT WARNING * * *
The acid corrodes you!
You are splashed with acid!
* * * LOW HITPOINT WARNING * * *
You are too injured to fight recklessly!
You are too injured to fight recklessly!
You hit Ijyb but do no damage. You kick Ijyb, but do no damage.
Ijyb zaps a wand.
The bolt of acid hits you!
* * * LOW HITPOINT WARNING * * *
You are splashed with acid!
You die...

Skill      XL: |  1  2  3  4  5  6  7 |
---------------+----------------------+-----
Axes           | 2 3 4 5 6 |  6.2
Armour         | 3 4 |  4.2
Shields        | 3 4 |  4.2
Fighting       | |  3.0

Action                   |  1- 3 |  4- 6 |  7- 9 || total
-------------------------+-------+-------+-------++-------
Melee: War axe           |    92 |   218 |    37 ||   347
       Kick              |       |    60 |    12 ||    72
  Use: Scroll            |       |     6 |       ||     6
       Potion            |       |       |     4 ||     4
 Stab: Distracted        |       |     1 |       ||     1
Armor: Scale mail        |    52 |    98 |    13 ||   163
Dodge: Dodged            |    26 |    61 |    12 ||    99
Block: Kite shield       |    53 |   127 |    13 ||   193

Levels and vault maps discovered:
D:1:      lemuel_arrival_broad_hall, layout_basic
D:2:      layout_basic, nicolae_underground_beach, uniq_robin,
          uniq_crazy_yiuf_cottage
D:3:      kennysheep_slugbush, layout_basic, fedhas_altar_3
D:4:      layout_basic, minmay_temple_entry_overgrown, uniq_ijyb, uniq_menkaure,
          uniq_edmund

Notes
Turn   | Place    | Note
-------+----------+-------------------------------------------
     0 | D:1      | Dracia the Demonspawn Fighter began the quest for the Orb.
     0 | D:1      | Reached XP level 1. HP: 18/18 MP: 1/1
    70 | D:1      | Reached skill level 2 in Axes
    74 | D:1      | Gained mutation: You are partially covered in molten
                  | scales. (AC +2) [demonic ancestry]
    74 | D:1      | Reached XP level 2. HP: 23/24 MP: 2/2
   175 | D:1      | Reached skill level 3 in Armour
   175 | D:1      | Reached skill level 3 in Shields
   285 | D:1      | Gained mutation: You regenerate a little health from kills.
                  | [demonic ancestry]
   285 | D:1      | Reached XP level 3. HP: 23/29 MP: 3/3
   796 | D:2      | Reached skill level 3 in Axes
   805 | D:2      | Gained mutation: You have large cloven feet. [demonic
                  | ancestry]
   805 | D:2      | Reached XP level 4. HP: 22/35 MP: 2/4
  1682 | D:2      | Noticed Robin
  1712 | D:2      | Killed Robin
  1718 | D:2      | Reached XP level 5. HP: 12/41 MP: 1/5
  2289 | D:2      | Found a runed translucent door.
  2290 | D:2      | Noticed Crazy Yiuf
  2798 | D:3      | Reached skill level 4 in Axes
  3009 | D:3      | Reached XP level 6. HP: 47/47 MP: 6/6
  3014 | D:3      | Found a blossoming altar of Fedhas.
  3614 | D:3      | Reached skill level 4 in Armour
  3831 | D:3      | Reached skill level 4 in Shields
  3922 | D:4      | Noticed Menkaure
  3935 | D:4      | Killed Menkaure
  3936 | D:4      | Reached skill level 5 in Axes
  4334 | D:4      | Reached XP level 7. HP: 34/52 MP: 4/7
  4617 | D:4      | Gained mutation: You have sharp fingernails. [potion of
                  | mutation]
  4617 | D:4      | Gained mutation: Armour fits poorly on your strangely
                  | shaped body. [potion of mutation]
  4617 | D:4      | Gained mutation: You expend magic power (3 MP) to
                  | strengthen your wands. [potion of mutation]
  4617 | D:4      | Gained mutation: You possess an exceptional clarity of
                  | mind. [potion of mutation]
  4618 | D:4      | Lost mutation: You possess an exceptional clarity of mind.
                  | [potion of mutation]
  4618 | D:4      | Lost mutation: You have sharp fingernails. [potion of
                  | mutation]
  4618 | D:4      | Lost mutation: You expend magic power (3 MP) to strengthen
                  | your wands. [potion of mutation]
  4618 | D:4      | Gained mutation: You can translocate small distances at
                  | will. [potion of mutation]
  4618 | D:4      | Gained mutation: You have a pair of small horns on your
                  | head. [potion of mutation]
  4618 | D:4      | Gained mutation: You are frail. (-10% HP) [potion of
                  | mutation]
  4618 | D:4      | Gained mutation: Your flesh is cold resistant. (rC+)
                  | [potion of mutation]
  4621 | D:4      | Lost mutation: You have a pair of small horns on your head.
                  | [potion of mutation]
  4621 | D:4      | Lost mutation: You are frail. (-10% HP) [potion of
                  | mutation]
  4621 | D:4      | Lost mutation: Your flesh is cold resistant. (rC+) [potion
                  | of mutation]
  4621 | D:4      | Gained mutation: You are clumsy. (Dex -2) [potion of
                  | mutation]
  4621 | D:4      | Gained mutation: You are robust. (+10% HP) [potion of
                  | mutation]
  4942 | D:4      | Reached skill level 6 in Axes
  5159 | D:4      | Noticed Ijyb
  5165 | D:4      | HP: 1/57 [Ijyb/bolt of acid (10)]
  5165 | D:4      | Splashed by Ijyb's acid

Vanquished Creatures
  Menkaure (D:4)
  A phantom (D:4)
  An ogre (D:4)
  An orc priest (D:3)
  3 orc wizards
  2 iguanas (D:4)
  A worker ant (D:4)
  Robin (D:2)
  13 adders
  A gnoll (D:1)
  2 oozes
  A worm (D:3)
  9 dart slugs
  2 leopard geckos (D:3)
  9 orcs
  8 bats
  4 giant cockroaches
  12 hobgoblins
  2 jackals (D:3)
  2 ball pythons
  5 frilled lizards
  14 goblins
  8 kobolds
  10 rats
113 creatures vanquished.

Vanquished Creatures (others)
  8 fungi
  4 plants (D:3)
12 creatures vanquished.

Grand Total: 125 creatures vanquished

Table legend: (Time is in decaauts)
 A = Elapsed time spent in this place.
 B = Non-inter-level travel time spent in this place.
 C = Inter-level travel time spent in this place.
 D = Time resting spent in this place.
 E = Time spent auto-exploring this place.
 F = Levels seen in this place.
 G = Mean time per level.
                   A        B        C        D        E       F      G
               +--------+--------+--------+--------+--------+-----+--------+
         Total |   5319 |   5215 |    104 |   1437 |   2902 |   4 | 1329.8 |
       Dungeon |   5319 |   5215 |    104 |   1437 |   2902 |   4 | 1329.8 |
               +--------+--------+--------+--------+--------+-----+--------+

Top non-repeatable levels by time:
     D:2: 2124 daAuts
     D:4: 1270 daAuts
     D:3: 1173 daAuts
     D:1: 750 daAuts

Table legend:
 A = Non-vault XP
 B = Vault XP
 C = Vault XP percentage of total XP
 D = Non-vault monster count
 E = Vault monster count
 F = Vault count percentage of total count
                 A         B        C        D         E       F
            +---------+---------+-------+---------+---------+-------
      Total |     827 |     242 |  22.6 |      92 |      21 |  18.6
            +---------+---------+-------+---------+---------+-------
        D:1 |      59 |       0 |   0.0 |      27 |       0 |   0.0
        D:2 |     160 |      35 |  17.9 |      22 |      12 |  35.3
        D:3 |     234 |      32 |  12.0 |      32 |       8 |  20.0
        D:4 |     374 |     175 |  31.9 |      11 |       1 |   8.3
            +---------+---------+-------+---------+---------+-------
